Map: Frost LE

Players

SortOf - Winner!

  • Race: Zerg Zerg
  • League: Master

AiLillekanin (Lillekanin)

  • Race: Terran Terran

Event: DreamHack ZOWIE Open Valencia 2016

VOD

Have the link to the VOD?

Description

Time

  • Played on: July 14, 2016, 11:34 a.m.
  • Length: 12:50

All games in this series

Show
View Real Time Build Order
Export as new Build Order

SortOf Zerg - Winner!

Build Orders: Hatch First 

Get SALT Encoding   

  12  0:00  Drone  
  13  0:12  Overlord  
  13  0:17  Drone  
  14  0:30  Drone x2  
  14  0:34  Drone  
  17  0:44  Drone  
  18  0:56  Hatchery  
  17  1:00  Drone  
  18  1:06  Drone, Extractor  
  18  1:20  Spawning Pool  
  18  1:23  Drone  
  18  1:27  Drone  
  19  1:38  Overlord  
  19  1:50  Drone  
  20  2:02  Drone  
  20  2:06  Queen  
  20  2:08  Queen  
  25  2:09  Zergling x2  
  25  2:11  Metabolic Boost  
  25  2:14  Zergling x2  
  27  2:19  Zergling x2  
  28  2:26  Drone  
  30  2:30  Drone  
  30  2:35  Drone  
  31  2:41  Overlord  
  31  2:42  Queen  
  33  2:47  Pneumatized Carapace  
  33  2:49  Drone  
  34  2:52  Drone  
  34  2:57  Drone  
  36  3:03  Drone  
  37  3:10  Overlord  
  37  3:13  Drone  
  37  3:15  Drone x3  
  37  3:17  Drone x2  
  43  3:21  Drone  
  44  3:29  Drone x3  
  47  3:42  Drone x2, Hatchery  
  47  3:46  Queen  
  50  3:54  Spine Crawler, Overlord  
  49  4:02  Overlord  
  49  4:05  Overlord  
  49  4:12  Queen  
  51  4:20  Zergling x2, Spore Crawler  
  51  4:21  Zergling x12  
  57  4:25  Zergling x4  
  57  4:26  Queen  
  61  4:32  Drone x2  
  61  4:35  Evolution Chamber  
  61  4:37  Evolution Chamber  
  61  4:38  Drone x2  
  61  4:49  Drone x3  
  52  4:57  Drone x2  
  52  4:58  Drone  
  55  5:01  Overlord  
  55  5:03  Zerg Melee Weapons Level 1, Zerg Ground Armor Level 1  
  55  5:04  Extractor  
  55  5:06  Extractor  
  53  5:07  Roach Warren  
  53  5:10  Zergling x2  
  53  5:11  Zergling x4  
  55  5:16  Drone x3  
  58  5:21  Drone  
  59  5:34  Lair  
  58  5:36  Drone x4  
  58  5:38  Drone x3  
  58  5:39  Queen  
  58  5:41  Drone x2  
  67  5:48  Drone x3  
  67  5:58  Overlord  
  67  6:05  Roach  
  67  6:06  Roach x4  
  67  6:09  Roach x2  
  81  6:16  Queen  
  81  6:17  Overlord  
  83  6:20  Extractor  
  83  6:22  Extractor  
  83  6:25  Drone x6  
  86  6:26  Ravager  
  86  6:30  Queen  
  86  6:32  Glial Reconstitution  
  90  6:33  Overlord  
  90  6:35  Overlord  
  90  6:36  Drone x3  
  93  6:40  Ravager  
  93  6:41  Ravager  
  93  6:49  Drone x2  
  93  6:53  Roach x2  
  93  6:57  Roach  
  89  7:02  Roach x5  
  89  7:05  Drone x2  
  95  7:11  Drone  
  95  7:12  Drone  
  88  7:23  Roach  
  88  7:24  Roach x2  
  88  7:28  Roach  
  96  7:32  Extractor  
  96  7:35  Roach  
  96  7:36  Roach  
  101  7:37  Roach  
  101  7:39  Spore Crawler  
  100  7:45  Roach x2  
  100  7:49  Ravager x3  
  107  7:54  Roach  
  109  7:59  Ravager  
  109  8:01  Overlord x2  
  109  8:04  Drone x2  
  109  8:05  Drone x2  
  114  8:15  Overlord  
  114  8:19  Overlord  
  114  8:26  Roach  
  114  8:27  Roach x3  
  122  8:31  Overlord  
  122  8:38  Roach  
  122  8:39  Roach x7  
  138  8:50  Roach x2  
  138  8:51  Hatchery  
  138  8:53  Roach x2  
  135  9:03  Infestation Pit  
  135  9:05  Queen x3  
  135  9:06  Drone x2, Spire  
  141  9:11  Overlord x2  
  141  9:13  Drone x2  
  141  9:14  Drone  
  144  9:22  Drone x2, Overseer  
  146  9:34  Zerg Ground Armor Level 2, Zerg Missile Weapons Level 1  
  146  9:36  Ravager x3  
  146  9:37  Ravager  
  149  9:49  Roach x2  
  149  9:50  Roach x5  
  160  10:00  Drone  
  160  10:01  Drone  
  161  10:13  Drone x4  
  165  10:15  Hive, Queen  
  165  10:17  Spore Crawler, Queen  
  165  10:20  Roach  
  168  10:29  Overlord  
  168  10:44  Roach  
  168  10:45  Roach x3  
  168  10:48  Extractor  
  168  10:49  Roach, Extractor  
  167  10:51  Roach x4  
  172  10:59  Roach x2  
  168  11:15  Mutalisk x4  
  168  11:17  Overlord x2  
  176  11:23  Mutalisk x6  
  172  11:29  Drone x3  
  172  11:30  Drone  
  176  11:33  Overlord  
  176  11:35  Overlord  
  170  11:40  Mutalisk x3  
  170  11:42  Drone x2  
  174  11:52  Drone x2  
  152  12:03  Corruptor x2  
  152  12:05  Roach  
  152  12:06  Roach x3, Drone  
  152  12:08  Drone  
  166  12:13  Roach x2  
  170  12:28  Roach  
Show
View Real Time Build Order
Export as new Build Order

AiLillekanin Terran 

Build Orders: Hellion Opening, Mech 

Get SALT Encoding   

  12  0:00  SCV  
  13  0:12  SCV  
  14  0:17  Supply Depot  
  14  0:24  SCV  
  15  0:39  SCV  
  15  0:40  Barracks  
  16  0:44  Refinery  
  16  0:51  SCV  
  17  1:03  SCV  
  18  1:15  SCV  
  19  1:27  Barracks Reactor  
  19  1:28  Orbital Command  
  19  1:43  Command Center  
  19  1:54  Supply Depot, SCV  
  20  2:05  Marine  
  20  2:06  Marine  
  20  2:07  SCV  
  23  2:18  Factory  
  23  2:19  SCV  
  24  2:23  Marine x2  
  26  2:31  SCV  
  27  2:41  Marine  
  27  2:42  Marine  
  27  2:43  SCV  
  30  2:55  SCV  
  30  2:57  Orbital Command  
  31  3:04  Refinery  
  31  3:07  Starport  
  31  3:08  Hellion x2  
  31  3:10  Marine  
  36  3:17  Supply Depot  
  36  3:18  SCV  
  37  3:23  SCV  
  38  3:30  SCV  
  38  3:31  Hellion  
  38  3:32  Hellion  
  43  3:40  Marine  
  44  3:43  Armory  
  44  3:45  Medivac  
  46  3:49  SCV  
  46  3:54  Hellion  
  49  3:56  Hellion  
  49  4:00  Supply Depot  
  49  4:01  SCV  
  52  4:05  Liberator  
  52  4:08  SCV, Barracks Reactor  
  53  4:22  Hellion x2  
  60  4:25  Supply Depot  
  60  4:26  SCV  
  60  4:28  SCV  
  62  4:47  SCV, Hellion  
  57  4:52  Hellion  
  57  4:53  SCV  
  57  4:59  SCV  
  50  5:06  Liberator x2  
  50  5:08  Hellion  
  50  5:11  SCV  
  54  5:14  SCV, Hellion  
  54  5:17  Command Center  
  55  5:24  SCV  
  62  5:30  Refinery  
  61  5:38  Hellion  
  61  5:46  Hellion  
  61  5:47  SCV  
  59  5:54  SCV  
  58  5:57  Refinery  
  58  5:58  Factory x2, Liberator  
  58  5:59  SCV  
  58  6:00  Hellion  
  59  6:07  SCV  
  59  6:08  Hellion  
  59  6:11  SCV  
  63  6:12  Command Center  
  61  6:18  Liberator  
  61  6:21  Hellion  
  61  6:23  SCV  
  61  6:24  SCV, Marine  
  66  6:34  Hellion  
  66  6:35  SCV  
  66  6:37  SCV  
  73  6:41  Liberator  
  73  6:45  SCV  
  74  6:50  Factory Tech Lab x2  
  74  6:54  Factory  
  74  6:59  SCV x2  
  75  7:02  SCV  
  74  7:12  Siege Tank  
  74  7:13  Hellion  
  71  7:24  Hellion  
  71  7:25  Hellion  
  71  7:27  Orbital Command  
  75  7:30  Factory  
  75  7:31  SCV  
  75  7:32  Supply Depot, SCV  
  75  7:35  Hellion  
  79  7:42  Terran Vehicle Weapons Level 1, Orbital Command  
  75  7:44  Hellion  
  75  7:46  SCV  
  75  7:48  Factory Tech Lab  
  78  7:51  Supply Depot  
  78  7:52  SCV  
  78  7:56  Hellion, Orbital Command  
  78  7:58  SCV, Mag-Field Accelerator  
  82  8:03  Hellion x2  
  82  8:04  SCV  
  87  8:06  Siege Tank  
  87  8:07  Widow Mine  
  87  8:08  Liberator  
  92  8:15  Factory Tech Lab  
  92  8:17  Hellion  
  92  8:19  SCV  
  95  8:26  Hellion x2  
  99  8:27  SCV  
  99  8:31  SCV  
  99  8:34  Armory  
  99  8:37  Siege Tank  
  102  8:48  Siege Tank  
  105  8:53  Orbital Command  
  105  8:57  Siege Tank  
  105  9:01  Hellion x2  
  109  9:07  Infernal Pre-Igniter  
  109  9:15  Hellion x2  
  111  9:20  Siege Tank  
  111  9:22  SCV x3  
  111  9:23  SCV  
  116  9:25  Refinery  
  116  9:26  Refinery  
  116  9:40  Orbital Command  
  116  9:41  SCV, Liberator  
  115  9:48  SCV  
  116  9:56  Supply Depot x2  
  116  9:58  Hellion x2  
  123  10:02  Siege Tank  
  123  10:04  Hellion  
  123  10:06  Siege Tank  
  124  10:18  Cyclone  
  124  10:20  Hellion  
  123  10:23  Hellion  
  123  10:25  Siege Tank  
  123  10:27  SCV x3  
  129  10:31  Orbital Command  
  129  10:35  Cyclone  
  133  10:39  SCV, Hellion  
  133  10:41  Hellion  
  138  10:44  Hellion  
  137  10:50  Siege Tank  
  137  10:54  Liberator  
  140  10:58  Orbital Command  
  140  11:02  Hellion  
  140  11:03  Hellion  
  139  11:04  Siege Tank  
  139  11:07  Siege Tank  
  135  11:23  Siege Tank  
  133  11:26  Cyclone  
  133  11:29  Liberator  
  133  11:43  Siege Tank  
  133  11:44  Refinery x2  
  133  11:53  SCV  
  121  12:02  Hellion x5  
  131  12:15  Hellion  
  126  12:23  Hellion x2  
  114  12:40  Engineering Bay  

Tags
 
Add a new tag
Caveats
  • Supply blocks, unpowered buildings, or Contaminate may cause inaccurate times.
  • Supply counts are checked every 10 seconds.